 Dungeon Sprint DCSS version 0.30-a0-830-gfe289a77b0 (webtiles) character file.

Game seed: 17869343925467444307

3300000 BigDaddyOpFi the Acrobat (level 19, -2/210 HPs)
             Began as a Djinni Transmuter on Feb 28, 2023.
             Was a High Priest of Makhleb.
             Slain by a large bag of meat
             ... wielding a +9 giant spiked club
              (11 damage)
             ... in the Dungeon (Sprint VIII: "Arena of Blood").
             The game lasted 00:00:44 (33 turns).

BigDaddyOpFi the Acrobat (Djinni Transmuter)          Turns: 33, Time: 00:00:45

Health: -2/210     AC: 27    Str:  9    XL:     19   Next: 36%
Gold:   0          EV: 31    Int: 16    God:    Makhleb [*****.] SH:  0 Dex: 21

rFire   + + .      SeeInvis .    h - +∞ Axe of Woe
rCold   x . .      Faith    .    (shield currently unavailable)
rNeg    + . .      Spirit   .    (body armour currently unavailable)
rPois   ∞          Reflect  .    (no helmet)
rElec   +          Harm     .    (no cloak)
rCorr   .          Rampage  .    (gloves currently unavailable)
Will    +....      NoTele   +    (boots unavailable)
Stlth   ++++++++                 (no amulet)
HPRegen 0.55/turn                (no ring)
MPRegen 0.00/turn                (no ring)

@: statue-form, flying, very slow
A: slow and powerful, torment resistance 1, flying, boosted hp, sickness
immunity, fire resistance 2, cold vulnerability 1, float, innate caster, HP
casting, extra vitality 1
a: End Transformation, Renounce Religion, Minor Destruction, Lesser Servant of
Makhleb, Major Destruction, Greater Servant of Makhleb


You were in the Dungeon.
You worshipped Makhleb.
Makhleb was extremely pleased with you.
You were a living statue of rough stone.
You visited 1 branch

Inventory:

Hand Weapons
 h - the +∞ Axe of Woe (weapon)
   (You found it in the Dungeon)
Armour
 a - a +0 robe (melded)
Jewellery
 i - a +30 ring of slaying
Scrolls
 g - a scroll of blinking
Potions
 b - a potion of lignification
 c - a potion of curing
 d - a potion of heal wounds
 e - a potion of haste
 f - a potion of berserk rage


   Skills:
 + Level 22.3 Fighting
 + Level 19.0 Axes
 + Level 22.3 Armour
 + Level 24.1 Dodging
 + Level 20.6 Stealth
 + Level 22.3 Unarmed Combat
 + Level 17.7 Spellcasting
 + Level 22.1 Invocations


You knew the following spells:

 Your Spells              Type           Power      Damage    Failure   Level
a - Beastly Appendage     Tmut           100%       N/A       0%          1
b - Wereblood             Tmut           63%        N/A       0%          2
c - Spider Form           Tmut/Pois      63%        N/A       0%          3
d - Ice Form              Ice/Tmut       63%        N/A       1%          4
e - Slow                  Hex            100%       N/A       0%          1
f - Scorch                Fire           100%       2d10      0%          2
g - Ensorcelled Hibernat  Hex/Ice        100%       N/A       0%          2
h - Summon Guardian Gole  Hex/Summ       63%        N/A       0%          3
i - Sticky Flame          Conj/Fire      63%        2d8       1%          4
j - Metabolic Englaciati  Hex/Ice        31%        N/A       1%          5
k - Statue Form           Tmut/Erth      42%        N/A       1%          6
l - Simulacrum            Ice/Necr       31%        N/A       1%          6
m - Spellforged Servitor  Conj/Summ      31%        N/A       2%          7
Your spell library was empty.

Dungeon Overview and Level Annotations

Branches:
Dungeon (1/1)

Altars:
Makhleb


Innate Abilities, Weirdness & Mutations

You are a living statue of rough stone.
Your actions are slow, but your melee attacks are powerful.
You are resistant to unholy torment.
You are flying.
Your maximum health is greatly increased.
Your equipment is partially melded.
You are immune to sickness and miasma.
You are immune to poison.
Your flesh is very heat resistant. (rF++)
You are vulnerable to cold. (rC-)
You float through the air rather than walking.
You learn spells naturally, not from books.
Your magical power is your life essence.
You have superior vitality. (+4 MHP)


Message History

A bag of meat comes into view. It is wielding a +9 war axe.
You hear a shout! x5
A large bag of meat comes into view. It is wielding a +9 giant spiked club.
The eight-headed meat hydra calls on the powers of darkness!
The eight-headed meat hydra convulses!
The bag of meat convulses! x3
Your body is wracked with pain!
The large bag of meat convulses!
Flame seeps out of the large bag of meat.
You hear a roar!
You hear two shouts!
Your Axes skill increases to level 19!
Your Dodging skill increases to level 24!
Your Invocations skill increases to level 22!
Unknown command.
You dice the large bag of meat like an onion!!!
Flame seeps out of the large bag of meat.
You butcher the large bag of meat messily.
Makhleb accepts your kill.
You feel better.
You slash the bag of meat!
You cleave the bag of meat in twain.
You kill the bag of meat!
Makhleb accepts your kill.
The large bag of meat explodes!
The fiery explosion engulfs you. You resist.
You are engulfed in blazing flames.
You resist.
You hear a shout! x10
The large bag of meat is engulfed in blazing flames.
You hear a shout! x6
A bag of meat comes into view. It is wielding a +9 war axe.
The bag of meat is engulfed in blazing flames.
A bag of meat comes into view. It is wielding a +9 war axe.
The eight-headed meat hydra calls on the powers of darkness!
The eight-headed meat hydra convulses!
The bag of meat convulses! x4
Your body is wracked with pain!
The large bag of meat convulses!
Flame seeps out of the large bag of meat.
The meat berserker is engulfed in blazing flames.
The meat berserker hits you with a +9 battleaxe!!
The large bag of meat is engulfed in blazing flames.
The large bag of meat hits you with a +9 giant spiked club!!!!
* * * LOW HITPOINT WARNING * * *
The large bag of meat hits you with a +9 giant spiked club!
You die...

.. ..... #.
...# #.. ...# .
.###.. .O.###..
.O....###......
...O.._°....
#.)O)§# #_O8o§#
#.§§§§#
.....§§§o...
......###......
.###.. .o.###..
#.o .D.# . #.
...# .. .....


You could see an eight-headed meat hydra, 3 large bags of meat, 2 meat
berserkers and 4 bags of meat.

Vanquished Creatures
  10 ogres (D)
  2 two-headed ogres (D)
  11 orcs (D)
23 creatures vanquished.

Notes
Turn   | Place    | Note
-------+----------+-------------------------------------------
     0 | D        | Found the +∞ Axe of Woe
     0 | D        | BigDaddyOpFi the Djinni Transmuter began the quest for the
                  | Orb.
     0 | D        | BigDaddyOpFi set off with the following spells memorised:
                  | Beastly Appendage, Wereblood, Spider Form, Ice Form.
     0 | D        | Reached XP level 1. HP: 17/17 MP: 0/0
     2 | D        | Noticed a meat berserker
     4 | D        | Became a worshipper of Makhleb the Destroyer
     5 | D        | Noticed a meat berserker
     6 | D        | Killed a meat berserker
     7 | D        | Reached skill level 11 in Dodging
     7 | D        | Reached skill level 10 in Stealth
     7 | D        | Reached skill level 10 in Invocations
     7 | D        | Reached XP level 2. HP: 37/37 MP: 0/0
     7 | D        | Reached XP level 3. HP: 42/42 MP: 0/0
     7 | D        | Learned a level 1 spell: Slow
     7 | D        | Reached XP level 4. HP: 49/49 MP: 0/0
     7 | D        | Reached XP level 5. HP: 53/53 MP: 0/0
     7 | D        | Learned a level 2 spell: Scorch
     7 | D        | Reached XP level 6. HP: 59/59 MP: 0/0
     7 | D        | Reached XP level 7. HP: 65/65 MP: 0/0
     7 | D        | Learned a level 2 spell: Ensorcelled Hibernation
     7 | D        | Reached XP level 8. HP: 71/71 MP: 0/0
     7 | D        | Reached XP level 9. HP: 76/76 MP: 0/0
     7 | D        | Learned a level 3 spell: Summon Guardian Golem
     7 | D        | Reached XP level 10. HP: 82/82 MP: 0/0
     7 | D        | Reached XP level 11. HP: 87/87 MP: 0/0
     7 | D        | Learned a level 4 spell: Sticky Flame
     7 | D        | Reached XP level 12. HP: 94/94 MP: 0/0
    10 | D        | Killed a meat berserker
    10 | D        | Reached * piety under Makhleb
    11 | D        | Reached skill level 10 in Axes
    11 | D        | Reached skill level 13 in Dodging
    11 | D        | Reached skill level 10 in Spellcasting
    11 | D        | Reached XP level 13. HP: 65/102 MP: 0/0
    11 | D        | Learned a level 5 spell: Metabolic Englaciation
    14 | D        | Noticed a bag of meat
    14 | D        | Noticed a meat berserker
    15 | D        | Noticed a bag of meat
    16 | D        | Noticed a bag of meat
    16 | D        | Noticed a bag of meat
    16 | D        | Noticed a bag of meat
    16 | D        | Noticed a bag of meat
    17 | D        | Noticed a bag of meat
    17 | D        | Noticed a meat berserker
    19 | D        | Noticed a bag of meat
    20 | D        | Noticed a meat berserker
    20 | D        | Noticed a bag of meat
    21 | D        | Killed a bag of meat
    21 | D        | Killed a meat berserker
    21 | D        | Killed a bag of meat
    21 | D        | Reached ** piety under Makhleb
    21 | D        | Killed a bag of meat
    21 | D        | Noticed a bag of meat
    22 | D        | Reached skill level 15 in Fighting
    22 | D        | Reached skill level 15 in Armour
    22 | D        | Reached skill level 16 in Dodging
    22 | D        | Reached skill level 15 in Unarmed Combat
    22 | D        | Reached skill level 15 in Invocations
    22 | D        | Reached XP level 14. HP: 45/114 MP: 0/0
    22 | D        | Reached XP level 15. HP: 48/120 MP: 0/0
    22 | D        | Learned a level 6 spell: Statue Form
    22 | D        | Killed a meat berserker
    22 | D        | Reached *** piety under Makhleb
    23 | D        | Reached skill level 18 in Dodging
    23 | D        | Reached skill level 15 in Stealth
    23 | D        | Reached XP level 16. HP: 107/129 MP: 0/0
    23 | D        | Noticed a meat berserker
    24 | D        | Killed a meat berserker
    24 | D        | Reached **** piety under Makhleb
    24 | D        | Noticed a meat berserker
    25 | D        | Reached skill level 15 in Axes
    25 | D        | Reached skill level 19 in Dodging
    25 | D        | Reached XP level 17. HP: 139/139 MP: 0/0
    25 | D        | Learned a level 6 spell: Simulacrum
    25 | D        | Killed a meat berserker
    26 | D        | Reached skill level 20 in Dodging
    26 | D        | Reached skill level 15 in Spellcasting
    26 | D        | Noticed a meat berserker
    26 | D        | Noticed a meat berserker
    26 | D        | Noticed a large bag of meat
    27 | D        | Reached skill level 21 in Dodging
    27 | D        | Reached ***** piety under Makhleb
    27 | D        | Noticed a large bag of meat
    27 | D        | Noticed a large bag of meat
    28 | D        | Noticed a large bag of meat
    28 | D        | Noticed a large bag of meat
    29 | D        | Killed a meat berserker
    29 | D        | Killed a large bag of meat
    29 | D        | Killed a meat berserker
    29 | D        | Noticed a meat berserker
    29 | D        | Noticed an eight-headed meat hydra
    30 | D        | Reached skill level 23 in Dodging
    30 | D        | Reached XP level 18. HP: 138/155 MP: 0/0
    30 | D        | Reached XP level 19. HP: 142/160 MP: 0/0
    30 | D        | Learned a level 7 spell: Spellforged Servitor
    30 | D        | Noticed a meat berserker
    31 | D        | Killed a meat berserker
    32 | D        | Killed a meat berserker
    32 | D        | Noticed a meat berserker
    32 | D        | Noticed a large bag of meat
    33 | D        | Reached skill level 24 in Dodging
    33 | D        | Killed a large bag of meat
    33 | D        | HP: 9/210 [large bag of meat/+9 giant spiked club (89)]
    33 | D        | Slain by a large bag of meat

Illustrated notes

Levels and vault maps discovered:
D:        meatsprint

Skill      XL: |  1  2  3  4  5  6  7  8  9 10 11 12 13 14 15 16 17 18 19 |
---------------+----------------------------------------------------------+-----
Fighting       | 11 12 15 16 18 21 22 | 22.3
Axes           | 9 10 13 14 15 18 19 | 19.0
Armour         | 11 12 15 16 18 21 22 | 22.3
Dodging        | 11 13 16 18 19 23 24 | 24.1
Stealth        | 10 11 14 15 16 20 | 20.6
Unarmed Combat | 11 13 15 16 18 21 22 | 22.3
Spellcasting   | 8 10 12 13 14 17 | 17.7
Invocations    | 10 12 15 16 18 21 22 | 22.1

Action                     |  1- 3 |  4- 6 |  7- 9 | 10-12 | 13-15 | 16-18 | 19-21 || total
---------------------------+-------+-------+-------+-------+-------+-------+-------++-------
  Melee: Executioner's axe |     1 |       |       |     1 |     2 |     6 |     3 ||    13
         Unarmed           |       |       |       |       |     1 |       |       ||     1
   Cast: Spider Form       |       |       |       |       |     1 |       |       ||     1
         Statue Form       |       |       |       |       |       |       |     1 ||     1
Ability: End Transformatio |       |       |       |       |     1 |       |       ||     1
  Dodge: Dodged            |       |       |       |       |     1 |       |     2 ||     3

Table legend: (Time is in decaauts)
 A = Elapsed time spent in this place.
 B = Non-inter-level travel time spent in this place.
 C = Inter-level travel time spent in this place.
 D = Time resting spent in this place.
 E = Time spent auto-exploring this place.
 F = Levels seen in this place.
 G = Mean time per level.
                   A        B        C        D        E       F      G
               +--------+--------+--------+--------+--------+-----+--------+
         Total |     36 |     36 |      0 |      0 |      0 |   1 |   36.0 |
       Dungeon |     36 |     36 |      0 |      0 |      0 |   1 |   36.0 |
               +--------+--------+--------+--------+--------+-----+--------+

Top non-repeatable levels by time:
       D: 36 daAuts
